AoeStats
← PapaHollski

Arena

505075376Analyzed
4v4 RM · 25d ago on Sep 7, 2026· 28m 44s· 8 players
Game mode
Random Map
Map size
Large (8 player)
Population
200
Speed
Normal
Resources
Standard
Victory
Conquest
Starting age
Dark Age
Ending age
Imperial Age
RankedLock teamsTeams togetherTeam positionsShared explorationLock speedFull tech treeHidden civsTurbo modeCheats
Victory
Defeat
🇧🇷 Franks · Brazil
1015
+12
🇧🇷 Celts · Brazil
988
+13
🇧🇷 Bohemians · Brazil
923
+16
🇧🇷 Hindustanis · Brazil
728
+24
🇺🇸 Dravidians · United States
932
-40
🇺🇸 Poles · United States
930
-43
🇨🇴 Bohemians · Colombia
921
-16
🇦🇷 Franks · Argentina
907
-16
PapaHollski
12:02 Feudal Age
16:15 Castle Age
14:07 Horse Collar
15:54 Double-Bit Axe
18:03 Heavy Plow
18:19 Bow Saw
19:31 Loom
ViceRival
10:29 Feudal Age
15:03 Castle Age
13:24 Horse Collar
14:11 Double-Bit Axe
15:33 Gold Mining
16:39 Bow Saw
16:51 Heavy Plow
Gulliver
11:57 Feudal Age
10:57 Loom
16:48 Castle Age
14:35 Double-Bit Axe
15:55 Gold Mining
16:32 Stone Mining
17:42 Bow Saw
22:03 Fervor
23:19 Scale Barding Armor
23:24 Forging
24:44 Wheelbarrow
25:45 Gold Shaft Mining
26:52 Hand Cart
kittarington
5:30 Loom
11:42 Feudal Age
13:03 Double-Bit Axe
17:01 Castle Age
15:52 Horse Collar
18:07 Wheelbarrow
19:03 Fervor
22:47 Town Watch
27:24 Bow Saw
31:23 Imperial Age
Gustavo
0:28 Loom
11:51 Feudal Age
18:34 Castle Age
16:39 Double-Bit Axe
16:38 Horse Collar
18:57 Wheelbarrow
21:17 Hand Cart
29:12 Scale Barding Armor
Krizao
0:26 Loom
10:55 Feudal Age
16:20 Castle Age
18:33 Scale Barding Armor
21:49 Forging
22:54 Husbandry
26:40 Chain Barding Armor
29:45 Wheelbarrow
Nbzinho
10:00 Feudal Age
9:58 Loom
10:39 Double-Bit Axe
14:04 Castle Age
13:33 Double-Bit Axe
RodrigoOBOMM
12:36 Feudal Age
13:26 Loom
17:11 Castle Age
15:21 Double-Bit Axe
16:02 Horse Collar
18:48 Bow Saw
20:33 Fervor
21:10 Elite Skirmisher
25:41 Heavy Plow
25:56 Redemption
28:45 Wheelbarrow
Connection lost

Rejoining the realm…

Still unreachable

The connection could not be restored.

Session expired

The server has moved on; the page needs a fresh start.